 Dungeon Crawl Stone Soup version 0.31-a0-965-g8a8ce12e04 (webtiles) character file.

Game seed: 12802140842383675316

669 sokol815 the Covert (level 7, 0/45 HPs)
             Began as an Octopode Brigand on Oct 26, 2023.
             Was an Initiate of Gozag.
             Slain by a cerulean imp
             ... wielding a +1 spear
             ... summoned by Natasha
              (5 damage)
             ... on level 2 of the Dungeon on Oct 27, 2023.
             The game lasted 00:08:53 (4065 turns).

sokol815 the Covert (Octopode Brigand)              Turns: 4065, Time: 00:08:54

Health: 0/45       AC:  0    Str: 11    XL:     7   Next: 58%
Magic:  7/7        EV: 14    Int: 13    God:    Gozag
Gold:   74         SH:  0    Dex: 15    Spells: 6/6 levels left

rFire   . . .        a - melded +0 short sword (drain)
rCold   . . .        (shield currently unavailable)
rNeg    . . .        (helmet currently unavailable)
rPois   .            (no amulet)
rElec   .            X - melded ring of resist corrosion
rCorr   .            (ring currently unavailable)
SInv    .            (ring currently unavailable)
Will    .....        (ring currently unavailable)
Stlth   +++++        (ring currently unavailable)
HPRegen 0.27/turn    (ring currently unavailable)
MPRegen 0.10/turn    (ring currently unavailable)
                     (ring currently unavailable)

%: no passive effects
@: pig-form (expiring), slowed
A: fast, no casting, almost no armour, (amphibious), (8 rings), small,
(camouflage 1), (gelatinous body 1), (nimble swimmer 1), (tentacles)
a: Renounce Religion, Potion Petition, Call Merchant, Bribe Branch


You were on level 2 of the Dungeon.
You worshipped Gozag.
Gozag was noncommittal.
You were a filthy swine.
You visited 2 branches of the dungeon, and saw 6 of its levels.

You collected 335 gold pieces.
You spent 202 gold pieces at shops.
You paid 59 gold pieces to Gozag.

Inventory:

Hand Weapons
 a - a +0 short sword of draining (melded)
   (You took it off an orc on level 5 of the Dungeon)
 j - a +2 whip of draining
   (You took it off an orc on level 5 of the Dungeon)
 r - a +2 heavy long sword
   (You found it on level 4 of the Dungeon)
 v - a +2 dagger
 y - the +0 whip "Dragon's Peril" {freeze, Dex+2}
   (You bought it in a shop on level 1 of the Dungeon)

   Dex+2:     It affects your dexterity (+2).
Missiles
 b - 11 poisoned darts
 c - 3 curare-tipped darts
 m - 8 boomerangs
 s - 14 stones
Magical Staves
 l - a staff of poison {rPois}
   (You found it on level 3 of the Dungeon)
Jewellery
 X - a ring of resist corrosion (melded)
   (You found it on level 3 of the Dungeon)
Wands
 q - a wand of flame (12)
   (You found it on level 2 of the Dungeon)
Scrolls
 g - 2 scrolls of amnesia
 n - a scroll of identify {unknown}
 u - a scroll of fog {unknown}
 w - a scroll of vulnerability {unknown}
 x - a scroll of poison {unknown}
 z - a scroll of revelation {unknown}
 O - a scroll of silence
 Y - a scroll of teleportation {@r3}
Potions
 d - a potion of heal wounds {unknown}
 e - a potion of mutation {unknown}
 f - a potion of lignification {unknown}
 h - 3 potions of magic {unknown}
 i - 2 potions of degeneration {unknown}
 k - 2 potions of haste {unknown}
 o - 2 potions of curing {unknown}
 p - a potion of resistance {unknown}
 t - a potion of enlightenment {unknown}
 M - a potion of might


   Skills:
 + Level 2.4 Fighting
 * Level 2.4 Short Blades
 - Level 2.0 Throwing
 + Level 1.6 Dodging
 - Level 12.0 Stealth


You had 6 spell levels left.
You didn't know any spells.
Your spell library contained the following spells:

 Spells                   Type           Power      Damage    Failure   Level
 Shock                    Conj/Air       0%         1d3       30%         1
 Ignite Poison            Fire/Tmut/Pois 0%         N/A       67%         3
 Airstrike                Air            0%         2d(0-16)  97%         4
 Brom's Barrelling Bould  Conj/Erth      0%         2d3       97%         4
 Sticky Flame             Conj/Fire      0%         2d3       97%         4
 Ignition                 Fire           0%         3d3       100%        8


Dungeon Overview and Level Annotations

Branches:
Dungeon (5/15) Zot: 25874  Temple (1/1) D:4 Zot: 5989

Altars:
Dithmenos
Elyvilon
Gozag
Hepliaklqana
Nemelex Xobeh
Okawaru
Qazlal
Ru
Sif Muna
Trog
Vehumet
Xom
Yredelemnul
The Shining One

Shops:
D:1 (   D:2 [   D:4 **

Annotations:
D:2 1 runed translucent door, Crazy Yiuf, Natasha
D:3 Ijyb
D:5 exclusion: 4 killer bees


Innate Abilities, Weirdness & Mutations

You are a filthy swine.
You move quickly.
Your equipment is almost entirely melded.
You are incapable of wielding weapons or throwing items.
You cannot cast spells.
You cannot wear most types of armour.
((You are amphibious.))
((You can wear up to eight rings at the same time.))
((Your skin changes colour to match your surroundings (Stealth+).))
((Your rubbery body absorbs attacks. (AC +1, EV +1)))
((You are camouflaged when in or above water. (Stealth+)))
((You have tentacles for arms and can constrict up to eight enemies at once.))


Message History

You kill Natasha!
Natasha screams in pain as she dies!
k - 2 bubbling dark potions (gained 1)
You now have 65 gold pieces (gained 6).
Could not explore, unopened runed door.
Crazy Yiuf shouts!
Natasha, Servant of Life and Death comes into view.
She is carrying a wand of polymorph.
Natasha moves out of view.
Natasha hisses angrily.
Natasha closely misses you.
You barely miss Natasha. Your grab misses Natasha. You hit Natasha.
Your grab misses Natasha. Natasha barely misses you.
You hit Natasha. You grab Natasha. You constrict Natasha. Natasha misses you.
You hit Natasha. You constrict Natasha.
Natasha zaps a wand.
You turn into a bat.
Your +0 short sword of draining melds into your body.
Your ring of resist corrosion melds into your body.
You lose your grip on Natasha.
You hit Natasha. Natasha barely misses you.
You closely miss Natasha. Natasha closely misses you.
You hit Natasha but do no damage. Natasha barely misses you.
You hit Natasha.
You kill Natasha!
Natasha growls in agony!
You now have 74 gold pieces (gained 9).
You start waiting.
Your transformation is almost over.
You feel less batty.
Your +0 short sword of draining unmelds from your body.
Your ring of resist corrosion unmelds from your body.
You sense an unholy aura.
You start waiting.
Done waiting.
You see here a +0 ring mail.
q - a wand of flame (12);
z - a scroll labelled DEINNAO JUET
There is an open gate here.
There is an open gate here.
You see here a +0 ring mail.
What are your orders? t - Shout!
Orders for allies: a - Attack new target. r - Retreat! s - Stop attacking. g - Guard the area. f - Follow me.
Anything else - Cancel.
You shout for attention!
Natasha, Servant of Life and Death comes into view.
She is carrying a wand of polymorph.
You barely miss Natasha.
Natasha hisses angrily.
Your grab misses Natasha. You squeeze Natasha.
Natasha zaps a wand.
You turn into a filthy swine.
Your +0 short sword of draining melds into your body.
Your ring of resist corrosion melds into your body.
You hit Natasha but do no damage. Natasha casts a spell at you.
You feel yourself slow down.
You hit Natasha.
Natasha stares at you and mumbles some strange words.
You resist with some effort.
Unknown command.
You hit Natasha but do no damage.
Natasha mumbles some strange words.
You feel troubled. Natasha closely misses you.
You hit Natasha. Natasha completely misses you. Natasha misses you.
You hit Natasha. Natasha claws you.
You take 6 damage, and have 39/45 hp.
You closely miss Natasha. Natasha barely misses you.
You hit Natasha. Natasha barely misses you. Natasha claws you.
You take 1 damage, and have 38/45 hp.
You hit Natasha but do no damage. Natasha claws you.
You take 3 damage, and have 35/45 hp.
You hit Natasha but do no damage. Natasha barely misses you.
You hit Natasha but do no damage.
Natasha mumbles some strange words.
Natasha claws you!
You take 9 damage, and have 26/45 hp.
You hit Natasha.
Natasha mumbles some strange words.
The cerulean imp hits you from afar with a +1 spear.
You take 4 damage, and have 22/45 hp.
You hit Natasha. Natasha claws you! The cerulean imp closely misses you.
The cerulean imp hits you from afar with a +2 spear.
You take 8 damage, and have 14/45 hp.
You hit Natasha.
Your transformation is almost over.
Natasha barely misses you.
The cerulean imp hits you from afar with a +1 spear.
* * * LOW HITPOINT WARNING * * *
The cerulean imp hits you from afar with a +2 spear.
* * * LOW HITPOINT WARNING * * *
Natasha casts a spell at you. You resist with some effort.
You take 9 damage, and have 5/45 hp.
Unknown command.
You closely miss Natasha.
The cerulean imp hits you from afar with a +1 spear.
You die...
Your body crumbles into a pile of gold.

#........#...##.....#.
#...................#.
#...................#.
#...................#.
#...................#.
#.............########
#.............##......
#####..5..............
#.hh5..............
#..................
#..........##......
#..........##......
#...#########......
#...# #...... #...#
#...... #...# #######
##### #.....


You could see Natasha and 2 cerulean imps.

Vanquished Creatures
  Sigmund (D:3)
  A black bear (D:5)
  2 scorpions (D:5)
  2 jellies (D:4)
  An iguana (D:4)
  A sleepcap (D:4)
  Natasha (twice) (D:2)
  Robin (D:4)
  2 adders
  2 worms (D:2)
  2 dart slugs
  9 orcs
  4 bats
  7 endoplasms
  2 giant cockroaches
  11 goblins
  15 hobgoblins
  2 jackals (D:1)
  3 quokkas
  3 ball pythons
  2 frilled lizards
  5 kobolds
  6 rats
86 creatures vanquished.

Notes
Turn   | Place    | Note
-------+----------+-------------------------------------------
     0 | D:1      | sokol815 the Octopode Brigand began the quest for the Orb.
     0 | D:1      | Reached XP level 1. HP: 14/14 MP: 1/1
    56 | D:1      | Found Nubaipn's Antique Weapon Emporium.
    96 | D:1      | Found a faded altar of an unknown god.
   129 | D:1      | Reached XP level 2. HP: 16/19 MP: 2/2
   182 | D:1      | Reached skill level 6 in Stealth
   377 | D:2      | Found Mociwa Caut's Armour Boutique.
   443 | D:2      | Reached XP level 3. HP: 24/24 MP: 3/3
   455 | D:2      | Noticed Natasha
   694 | D:2      | Reached skill level 7 in Stealth
   709 | D:2      | Found a radiant altar of Vehumet.
   982 | D:2      | Found a runed translucent door.
   983 | D:2      | Noticed Crazy Yiuf
  1238 | D:3      | Noticed Sigmund
  1249 | D:3      | HP: 6/24 [Sigmund/+0 scythe (12)]
  1252 | D:3      | Killed Sigmund
  1253 | D:3      | Reached skill level 9 in Stealth
  1253 | D:3      | Reached XP level 4. HP: 8/29 MP: 4/4
  1253 | D:3      | Reached XP level 5. HP: 10/34 MP: 5/5
  1556 | D:3      | Reached XP level 6. HP: 39/39 MP: 6/6
  1858 | D:3      | Noticed Ijyb
  2229 | D:4      | Reached skill level 10 in Stealth
  2422 | D:4      | Found a bloodstained altar of Trog.
  2480 | D:4      | Found Enuzic's Specific Store.
  2482 | D:4      | Found Vilaezew's General Store.
  2518 | D:4      | Noticed Robin
  2538 | D:4      | Killed Robin
  2617 | D:4      | Found a staircase to the Ecumenical Temple.
  2622 | Temple   | Entered the Ecumenical Temple
  2627 | Temple   | Became a worshipper of Gozag Ym Sagoz the Greedy
  2785 | D:4      | Reached skill level 11 in Stealth
  2942 | D:5      | Identified the "Kojefamn"
  2942 | D:5      | Entered Level 5 of the Dungeon
  3059 | D:5      | Found a stormy altar of Qazlal.
  3113 | D:5      | Reached XP level 7. HP: 45/45 MP: 7/7
  3255 | D:5      | Found a sparkling altar of Nemelex Xobeh.
  3426 | D:5      | Reached skill level 12 in Stealth
  3528 | D:1      | Bought a masterwork whip for 202 gold pieces
  3528 | D:1      | Identified the +0 whip "Dragon's Peril" {freeze, Dex+2}
                  | (You bought it in a shop on level 1 of the Dungeon)
  3554 | D:2      | Killed Natasha
  3651 | D:2      | Noticed Natasha
  3675 | D:2      | Killed Natasha
  4041 | D:2      | Noticed Natasha
  4064 | D:2      | HP: 9/45 [cerulean imp/+1 spear[Natasha] (6)]
  4065 | D:2      | Slain by a cerulean imp

Illustrated notes

Levels and vault maps discovered:
D:1:      dpeg_arrival_tiny_k, layout_rooms, serial_shops, shop,
          dreamdust_ecumenical_altar_statues
D:2:      layout_basic, serial_shops, shop, basic_altar,
          kennysheep_cross_bottleneck, hangedman_decor_peaks_small,
          nrook_mini_vaults, uniq_crazy_yiuf_cottage, uniq_natasha
D:3:      layout_basic, uniq_ijyb, uniq_sigmund
D:4:      layout_rooms, trog_three_pillars_becter,
          minmay_temple_entry_nine_rooms, columned_hall_lemuel,
          grunt_decor_fettered, st_stairs_10, kennysheep_pointless_box,
          nicolae_specific_store, chequers_serial_rivers_small_a, corexii_shack,
          chequers_serial_rivers_micro_b, uniq_robin
D:5:      layout_gridville, serial_bayou, serial_bayou_pond_d,
          serial_bayou_pond_a, serial_bayou_lagoon_b, serial_bayou_lagoon_a,
          nicolae_shop_unique_rings, hangedman_feature_mirror, minmay_holes,
          kennysheep_potato
Temple:   minmay_freezing_vapour_temple

Skill      XL: |  1  2  3  4  5  6  7 |
---------------+----------------------+-----
Stealth        | 6 9 11 12 | 12.0
Fighting       | |  2.4
Short Blades   | |  2.4
Throwing       | |  2.0
Dodging        | |  1.6

Action                     |  1- 3 |  4- 6 |  7- 9 || total
---------------------------+-------+-------+-------++-------
  Melee: Dagger            |    66 |    56 |     2 ||   124
         Tentacles         |    12 |    10 |     7 ||    29
         Constrict         |    10 |    14 |     7 ||    31
         Punch             |     2 |     2 |       ||     4
         Short sword       |       |       |    26 ||    26
         Unarmed           |       |       |    18 ||    18
    Use: Potion            |     1 |       |       ||     1
         Scroll            |       |     2 |     1 ||     3
   Stab: Sleeping          |    12 |    15 |     2 ||    29
         Distracted        |       |     1 |       ||     1
 Armour: Skin              |    17 |    13 |    24 ||    54
  Dodge: Dodged            |    26 |    19 |    29 ||    74

Table legend: (Time is in decaauts)
 A = Elapsed time spent in this place.
 B = Non-inter-level travel time spent in this place.
 C = Inter-level travel time spent in this place.
 D = Time resting spent in this place.
 E = Time spent auto-exploring this place.
 F = Levels seen in this place.
 G = Mean time per level.
                   A        B        C        D        E       F      G
               +--------+--------+--------+--------+--------+-----+--------+
         Total |   4052 |   3565 |    487 |    217 |   2743 |   6 |  675.3 |
       Dungeon |   4041 |   3559 |    482 |    217 |   2743 |   5 |  808.2 |
        Temple |     10 |      5 |      5 |      0 |      0 |   1 |   10.0 |
               +--------+--------+--------+--------+--------+-----+--------+

Top non-repeatable levels by time:
     D:2: 1291 daAuts
     D:3: 1058 daAuts
     D:4: 790 daAuts
     D:5: 502 daAuts
     D:1: 397 daAuts
  Temple: 10 daAuts

Levels and vault maps discovered:
D:1:      dpeg_arrival_tiny_k, layout_rooms, serial_shops, shop,
          dreamdust_ecumenical_altar_statues
D:2:      layout_basic, serial_shops, shop, basic_altar,
          kennysheep_cross_bottleneck, hangedman_decor_peaks_small,
          nrook_mini_vaults, uniq_crazy_yiuf_cottage, uniq_natasha
D:3:      layout_basic, uniq_ijyb, uniq_sigmund
D:4:      layout_rooms, trog_three_pillars_becter,
          minmay_temple_entry_nine_rooms, columned_hall_lemuel,
          grunt_decor_fettered, st_stairs_10, kennysheep_pointless_box,
          nicolae_specific_store, chequers_serial_rivers_small_a, corexii_shack,
          chequers_serial_rivers_micro_b, uniq_robin
D:5:      layout_gridville, serial_bayou, serial_bayou_pond_d,
          serial_bayou_pond_a, serial_bayou_lagoon_b, serial_bayou_lagoon_a,
          nicolae_shop_unique_rings, hangedman_feature_mirror, minmay_holes,
          kennysheep_potato
Temple:   minmay_freezing_vapour_temple

Table legend: (Time is in decaauts)
 A = Elapsed time spent in this place.
 B = Non-inter-level travel time spent in this place.
 C = Inter-level travel time spent in this place.
 D = Time resting spent in this place.
 E = Time spent auto-exploring this place.
 F = Levels seen in this place.
 G = Mean time per level.
                   A        B        C        D        E       F      G
               +--------+--------+--------+--------+--------+-----+--------+
         Total |   4052 |   3565 |    487 |    217 |   2743 |   6 |  675.3 |
       Dungeon |   4041 |   3559 |    482 |    217 |   2743 |   5 |  808.2 |
        Temple |     10 |      5 |      5 |      0 |      0 |   1 |   10.0 |
               +--------+--------+--------+--------+--------+-----+--------+

Top non-repeatable levels by time:
     D:2: 1291 daAuts
     D:3: 1058 daAuts
     D:4: 790 daAuts
     D:5: 502 daAuts
     D:1: 397 daAuts
  Temple: 10 daAuts

Table legend:
 A = Kills in this place as a percentage of kills in the entire game.
 B = Kills by you in this place as a percentage of kills by you in the entire game.
 C = Kills by friends in this place as a percentage of kills by friends in the entire game.
 D = Other kills in this place as a percentage of other kills in the entire game.
 E = Experience gained in this place as a percentage of experience gained in the entire game.
 F = Experience gained in this place divided by the number of levels of this place that you have seen.
                   A       B       C       D       E      F
               +-------+-------+-------+-------+-------+----------------------
         Total | 100.0 | 100.0 |   N/A |   N/A | 100.0 | 159.5
       Dungeon | 100.0 | 100.0 |   N/A |   N/A | 100.0 | 191.4
               +-------+-------+-------+-------+-------+----------------------
